[Event "NK ABC Kwalificatie 2"]
[Site "Zoetermeer, Netherlands"]
[Date "2025.01.04"]
[Round "3.9"]
[White "Kakrana, Reyansh"]
[Black "Etienne, Ghilon"]
[Result "0-1"]
[TimeControl "55+10"]
[WhiteFideId "8853900"]
[BlackFideId "8852118"]
[WhiteElo "1813"]
[BlackElo "1901"]

1. e4 e5 2. Nc3 Nc6 3. Bc4 Nf6 4. d3 Bc5 5. f4 d6 6. Nf3 a6 7. Nd5 Bg4 8. c3 O-O 9. Qe2 Re8 10.
Be3 exf4 11. Nxf6+ Qxf6 12. Bxc5 dxc5 13. O-O Ne5 14. Bb3 Qb6 15. Kh1 a5 16. Rab1 Red8 17. Bc2 Qb5 18. Rfd1 Rd6 19.
a4 Qd7 20. Rd2 Bxf3 21. gxf3 Rd8 22. Rbd1 Nc4 23. e5 Rd5 24. Bb3 Nxd2 25. Bxd5 Qxd5 26. Rxd2 Re8 27. Qe4 Qxe5 28. Qxe5 Rxe5 29.
Kg2 f6 30. Kf2 Kf7 31. Rc2 Rd5 32. d4 cxd4 33. cxd4 c6 34. Rc4 Ke6 35. Ke2 Rh5 36. Kd3 Rxh2 37. b4 Rh5 38. Ke4 Rf5 39. bxa5 Rxa5 40. Kxf4 Kd5 41.
Rb4 b5 42. axb5 Rxb5 43. Ra4 Rb7 44. Ke3 Rb3+ 45. Kf4 Rd3 46. Ra7 Rxd4+ 47. Ke3 Rh4 48. Rxg7 Kc4 49. Rf7 Rh6 50. Kd2 c5 51. Re7 Rh3 52.
Re3 f5 53. Rc3+ Kb4 54. Rd3 c4 55. Rd7 Rh2+ 56. Ke3 Kc3 57. Rd5 Rh5 58. Rd2 Kb3 59. Rd7 Kc2 60. Rd2+ Kc1 61. Kd4 Kxd2 62.
Kxc4 Ke3 63. Kc3 Rh4 64.
Kc2 Rd4 65. f4 Rd3 66. Kb2 Kd2 67. Kb1 Rb3+ 68. Ka2 Kc2 69. Ka1 Ra3# 0-1

[Event "NK ABC Kwalificatie 2"]
[Site "Zoetermeer, Netherlands"]
[Date "2025.01.04"]
[Round "4.1"]
[White "Bakija, Alan"]
[Black "Snijders, Take"]
[Result "0-1"]
[TimeControl "55+10"]
[WhiteFideId "8629346"]
[BlackFideId "8935927"]
[WhiteElo "2247"]
[BlackElo "2119"]

1. d4 Nf6 2. c4 e6 3. g3 d5 4. Bg2 dxc4 5. Qa4+ Nbd7 6. Qxc4 a6 7. Be3 b5 8. Qd3 Rb8 9. Nd2 Be7 10.
Rc1 Bb7 11. Bxb7 Rxb7 12. Ngf3 O-O 13. O-O Nd5 14. Nb3 Nxe3 15. Qxe3 Nf6 16. Na5 Rb6 17. Qb3 Ne4 18. Nc6 Qd6 19.
Nxe7+ Qxe7 20. Qc2 Ng5 21. Nxg5 Qxg5 22. Qxc7 Rbb8 23. Qc5 Qg4 24. e3 h5 25. Qd6 Qe2 26. Rc5 Qxb2 27. Rxh5 Qxa2 28.
Qf4 Qc2 29. e4 Rbc8 30. Qh4 f6 31. Ra1 b4 32. Rxa6 b3 33. Ra7 Rc7 34. Rh8+ Kf7 35. Rxc7+ Qxc7 36. Qh5+ Ke7 37. Rxf8 Kxf8 38. Qh8+ Kf7 39. Qh5+ Ke7 40.
Qb5 Qc1+ 41. Kg2 b2 42.
Qb7+ Kf8 43. Qb8+ Kf7 44. d5 b1=Q 45. dxe6+ Ke7 46. Qa7+ Kxe6 47. Qa6+ Ke5 48. f4+ Kd4 49. Qa7+ Qc5 50.
Qa4+ Ke3 51. g4 Qxe4+ 52. Kh3 Qxa4 0-1

[Event "NK ABC Kwalificatie 2"]
[Site "Zoetermeer, Netherlands"]
[Date "2025.01.04"]
[Round "4.2"]
[White "Kleibeuker, Mika"]
[Black "Oskam, Dejen"]
[Result "1-0"]
[TimeControl "55+10"]
[WhiteFideId "8577228"]
[BlackFideId "8686733"]
[WhiteElo "1980"]
[BlackElo "1832"]

1. d4 d5 2. c4 c6 3. Nf3 a6 4. g3 b5 5. b3 e6 6. Bg2 g6 7. O-O Bg7 8. Qc2 Nd7 9. e4 Ne7 10.
exd5 cxd5 11. c5 Nc6 12. Bb2 O-O 13. Nbd2 Re8 14. a3 Bb7 15. b4 Rc8 16. Rad1 e5 17. dxe5 a5 18. Nd4 Nxd4 19.
Bxd4 axb4 20. axb4 Nxe5 21. Qc3 f6 22. Rfe1 Kf7 23. Nf3 Nc6 24. Rxe8 Kxe8 25. Be3 Kf7 26. Rxd5 Qe7 27. Qd2 Nb8 28.
Rd6 Rc7 29. Ng5+ fxg5 30. Bxb7 Rxb7 31. Qd5+ Ke8 32. Re6 Rd7 33. Rxe7+ Kxe7 34. Bxg5+ Bf6 35. Qe5+ 1-0

[Event "NK ABC Kwalificatie 2"]
[Site "Zoetermeer, Netherlands"]
[Date "2025.01.04"]
[Round "4.3"]
[White "Van de Poel, Jona"]
[Black "Kumar, Prajit Sai"]
[Result "0-1"]
[TimeControl "55+10"]
[WhiteFideId "8707633"]
[BlackFideId "8767979"]
[WhiteElo "1857"]
[BlackElo "2210"]

1. e4 c5 2. Nf3 Nc6 3. d4 cxd4 4. Nxd4 Nf6 5. Nc3 d6 6. Bg5 e6 7. f4 h6 8. Bxf6 Qxf6 9. Nxc6 bxc6 10.
Qd2 g5 11. fxg5 Qxg5 12. O-O-O Rb8 13. g3 Be7 14. Qf4 e5 15. Qxg5 hxg5 16. Bc4 Bh3 17. Rd2 Rh7 18. Rf2 f6 19.
Nd1 Kd7 20. Ne3 Be6 21. Bxe6+ Kxe6 22. c4 Bd8 23. Rhf1 Rbb7 24. Kc2 Rbf7 25. Rd2 Bb6 26. Nf5 Rd7 27. g4 Rh3 28. Rfd1 Bc5 29.
Re2 Rdh7 30. Rh1 a5 31. a3 a4 32. Rd2 Rf3 33. Rhd1 Rd7 34. h4 gxh4 35. Nxh4 Rg3 36. Nf5 Rxg4 37.
Re2 Rh7 38. Rd3 Rh1 39. b4 axb3+ 40. Rxb3 Ra1 41. Rb7 d5 42. Ng7+ Rxg7 43. cxd5+ cxd5 44. exd5+ Kxd5 45. Rxg7 Ra2+ 46.
Kd1 Rxa3 47. Rd2+ Bd4 48. Ke2 Re3+ 49. Kf1 f5 50. Rf7 Ke4 51. Re2 f4 52. Ke1 Kf3 53. Rxe3+ Bxe3 54. Rh7 Bf2+ 55.
Kf1 e4 56. Rb7 e3 57. Rb2 Bh4 58. Ra2 Bf6 59. Rh2 Bc3 60. Rh3+ Kg4 61. Rh6 f3 62. Re6 Kf4 63. Re8 Be5 64.
Rf8+ Ke4 65. Re8 Kd4 66. Rd8+ Kc3 67. Re8 Bd4 68. Re7 Kd2 69. Rd7 e2+ 0-1

[Event "NK ABC Kwalificatie 2"]
[Site "Zoetermeer, Netherlands"]
[Date "2025.01.04"]
[Round "4.4"]
[White "Madularea, David"]
[Black "Kazarjan, Gachatur"]
[Result "1/2-1/2"]
[TimeControl "55+10"]
[WhiteFideId "8700494"]
[BlackFideId "8595884"]
[WhiteElo "2232"]
[BlackElo "2105"]

1. e4 c5 2. Nf3 d6 3. Bb5+ Nd7 4. O-O g6 5. Re1 Bg7 6. d4 cxd4 7. Nxd4 Ngf6 8. Bf1 O-O 9. c4 a6 10.
Nc3 Qc7 11. Be3 Ne5 12. Qe2 Bd7 13. Rac1 e6 14. f3 Rac8 15. b3 Rfd8 16. Qf2 Qb8 17. a4 Be8 18. a5 Nc6 19. Nxc6 Bxc6 20.
Bb6 Rd7 21. b4 Re7 22. Red1 Be8 23. Rd2 Nd7 24. Ba7 Qc7 25. Rdc2 Ne5 26. Nd5 exd5 27. cxd5 Nc6 28. dxc6 Bxc6 29.
Bb6 Qd7 30. b5 axb5 31. Bxb5 Ree8 32. Bxc6 Rxc6 33. Rxc6 bxc6 34. a6 c5 35. Qa2 Bd4+ 36. Kh1 Ra8 37. a7 Kg7 38. Qd5 Rxa7 39.
Bxa7 Qxa7 40. Qxd6 Qa3 41. Rd1 Qb3 42. Rxd4 cxd4 43. Qxd4+ Kg8 44. h4 h5 45. Qd8+ Kh7 46. Qd5 Qb1+ 47. Kh2 Kg7 48. Qe5+ Kg8 49.
Qf6 Qb8+ 50. e5 Qc8 51. Kg3 Qc7 52. Qd6 Qc1 53.
Qd8+ Kh7 54. Qf6 Qe1+ 55. Kh2 Kg8 56. f4 Qe4 57. Qd8+ Kg7 58. Qd2 Qf5 59. Qe3 Qg4 60. Qg3 Qf5 61. Qg5 Qe4 62. Kh3 Qd3+ 63. Kh2 Qe4 1/2-1/2

[Event "NK ABC Kwalificatie 2"]
[Site "Zoetermeer, Netherlands"]
[Date "2025.01.04"]
[Round "4.5"]
[White "Zhu, Chenwu"]
[Black "Garay, Enzo"]
[Result "1-0"]
[TimeControl "55+10"]
[WhiteFideId "8733846"]
[BlackFideId "8989948"]
[WhiteElo "2177"]
[BlackElo "1811"]

1. e4 e5 2. Nf3 Nc6 3. Bb5 a6 4. Ba4 d6 5. O-O Nf6 6. Re1 b5 7. Bb3 Be7 8. c3 O-O 9. h3 Nb8 10. d4 Nbd7 11. Nbd2 c5 12. Nf1 Re8 13. Ng3 Bf8 14. a4 Bb7 15. d5 c4 16. Bc2 Nc5 17. Bg5 h6 18. Be3 Qc7 19. Qd2 Kh7 20. Ra3 g6 21. Rea1 Bg7 22. Nh2 Reb8 23. a5 Bc8 24. Rf1 g5 25. Raa1 Nb3 26. Bxb3 cxb3 27. Qd3 Bd7 28. Bb6 Qc4 29. Qxc4 bxc4 30. Bc7 Re8 31. Bxd6 h5 32. Rfe1 Kg6 33. Nf3 Ng8 34. Nd2 Rac8 35. Ngf1 Nh6 36. Ne3 Bb5 37. g4 h4 38. Nb1 Bf8 39. Bxf8 Rxf8 40. Na3 Rc5 41. Nxb5 axb5 42. a6 Ra8 43. a7 Rc7 44. Ra6+ f6 45. Rb6 Raxa7 46. Rxb5 Ra4 47. Rd1 Nf7 48. Rb6 Ra2 49. d6 Nxd6 50. Rdxd6 Rxb2 51. Rxf6+ Kh7 52. Rh6+ Kg7 53. Nf5+ 1-0

[Event "NK ABC Kwalificatie 2"]
[Site "Zoetermeer, Netherlands"]
[Date "2025.01.04"]
[Round "4.6"]
[White "Lopes, Samuel"]
[Black "Kolijn, David"]
[Result "1-0"]
[TimeControl "55+10"]
[WhiteFideId "8763414"]
[BlackFideId "8881345"]
[WhiteElo "1990"]
[BlackElo "1887"]

1. e4 c5 2. Nc3 a6 3. g3 b5 4. Bg2 Bb7 5. Nge2 e6 6. O-O Be7 7. d3 Nf6 8. e5 Nd5 9. Nxd5 Bxd5 10.
Bxd5 exd5 11. Nf4 d4 12. Qg4 g6 13. Nd5 h6 14. Qf3 Nc6 15. Nf6+ Kf8 16. Re1 Rc8 17. Nd5 Kg7 18. a3 Rf8 19.
Nf6 Nxe5 20. Nh5+ gxh5 21. Rxe5 Bg5 22. Bxg5 hxg5 23. Qxh5 f6 24. Rd5 Qe7 25. h4 Qf7 26. Qf3 gxh4 27.
Qg4+ Qg6 28. Rxd7+ Kh6 29. Qxh4+ Qh5 30. Rh7+ 1-0

[Event "NK ABC Kwalificatie 2"]
[Site "Zoetermeer, Netherlands"]
[Date "2025.01.04"]
[Round "4.7"]
[White "Pathak, Raghav"]
[Black "Seth, Aakrit"]
[Result "1-0"]
[TimeControl "55+10"]
[WhiteFideId "8923849"]
[BlackFideId "9032397"]
[WhiteElo "1926"]
[BlackElo "1876"]

1. e4 c5 2. c3 g6 3. d4 cxd4 4. cxd4 d5 5. e5 Bg7 6. Nc3 Nc6 7. h3 Nh6 8. Nf3 O-O 9. Qb3 e6 10.
Bg5 Qb6 11. Qxb6 axb6 12. Be2 Nf5 13. Rd1 h6 14. Be3 Bd7 15. g4 Nxe3 16. fxe3 Rfc8 17. O-O Na5 18. Nd2 Nc4 19. Nxc4 dxc4 20.
Bf3 Rab8 21. Ne4 Bc6 22. Nd6 Bxf3 23. Rxf3 Rc7 24. Rdf1 Rf8 25. Rc1 Ra8 26. a3 Bf8 27. Nb5 Rc6 28.
Rcf1 f5 29. exf6 Kf7 30. Rd1 c3 31. bxc3 Ra5 32. Rb1 Bxa3 33. e4 Bf8 34. e5 Rc8 35. Kh1 Rc6 36. h4 Rc8 37. g5 h5 38.
Re3 Rc4 39. Kg2 Ra2+ 40. Kh3 Ra5 41.
d5 1-0

[Event "NK ABC Kwalificatie 2"]
[Site "Zoetermeer, Netherlands"]
[Date "2025.01.04"]
[Round "4.8"]
[White "Etienne, Ghilon"]
[Black "Los, Evan"]
[Result "1-0"]
[TimeControl "55+10"]
[WhiteFideId "8852118"]
[BlackFideId "8887274"]
[WhiteElo "1901"]
[BlackElo "1799"]

1. d4 Nf6 2. Nf3 d5 3. g3 Bf5 4. Bg2 e6 5. O-O Be7 6. c4 O-O 7. Nc3 c6 8. b3 Na6 9. Bb2 Qc7 10.
Rc1 Rfd8 11. e3 Nb4 12. Ne5 Bd6 13. a3 Bxe5 14. dxe5 Nd3 15. exf6 Nxb2 16. Qe2 Nd3 17. Rcd1 Nc5 18.
b4 Nd7 19. fxg7 dxc4 20. e4 Bg6 21. Qxc4 Ne5 22. Qe2 Qb6 23. Kh1 Rxd1 24. Rxd1 Rd8 25. f4 Rxd1+ 26. Nxd1 Nd7 27. Qd3 Nf6 28.
Ne3 h6 29. f5 exf5 30. exf5 Bh7 31. Nc4 Qf2 32. Nd6 Ng4 33. Qe4 Qa2 34. Qe1 Ne5 35. h3 f6 36. Qe3 Qb1+ 37. Kh2 Bxf5 38.
Qxh6 Ng6 39. h4 1-0

[Event "NK ABC Kwalificatie 2"]
[Site "Zoetermeer, Netherlands"]
[Date "2025.01.04"]
[Round "4.9"]
[White "Bruls, Sven"]
[Black "Thijssen, Freek"]
[Result "0-1"]
[TimeControl "55+10"]
[WhiteFideId "9028008"]
[BlackFideId "8806479"]
[WhiteElo "1482"]
[BlackElo "1889"]

1. Nf3 Nf6 2. g3 d5 3. Bg2 c5 4. c4 e6 5. O-O Be7 6. d4 O-O 7. cxd5 Nxd5 8. dxc5 Bxc5 9. e4 Nf6 10.
Nc3 Nc6 11. Bg5 Be7 12. Qxd8 Rxd8 13. Rad1 e5 14. Rxd8+ Bxd8 15. Rd1 Be6 16. Nd5 Nxe4 17. Bxd8 Rxd8 18. Ne3 Rxd1+ 19. Nxd1 f5 20.
a3 Kf7 21. Kf1 Kf6 22. Ke2 Bc4+ 23. Ke3 Ne7 24. Nc3 Nxc3 25. bxc3 Nd5+ 26. Kd2 Nb6 27. h4 Bd5 28. Kc2 Nc4 29.
a4 Bc6 30. Kb3 Bxf3 31. Bh3 Nd6 32. Kb4 Ne4 33. Bf1 Nxf2 34. Kc5 Ne4+ 35. Kb5 Be2+ 36. Ka5 b6+ 37. Kb4 Bxf1 38. g4 fxg4 39.
a5 g3 40. axb6 axb6 41. h5 g2 42. h6 g1=Q 43. c4 Qc5+ 44. Ka4 Bxc4 45. hxg7 Nc3# 0-1

[Event "NK ABC Kwalificatie 2"]
[Site "Zoetermeer, Netherlands"]
[Date "2025.01.05"]
[Round "5.1"]
[White "Snijders, Take"]
[Black "Kleibeuker, Mika"]
[Result "1-0"]
[TimeControl "55+10"]
[WhiteFideId "8935927"]
[BlackFideId "8577228"]
[WhiteElo "2119"]
[BlackElo "1980"]

1. e4 c6 2. d4 d5 3. e5 Bf5 4. h4 h5 5. Bd3 Bxd3 6. Qxd3 e6 7. Nf3 Qa5+ 8. Nbd2 Qa6 9. c4 Nh6 10.
O-O Be7 11. b3 Nf5 12. a4 Nxh4 13. Nxh4 Bxh4 14. Ba3 Qb6 15. Rfc1 Na6 16. a5 Qd8 17. b4 Be7 18. b5 cxb5 19.
cxd5 exd5 20. Qxb5+ Qd7 21. Qb3 Bxa3 22. Qxa3 Qe7 23. Qb3 Qd7 24. Rab1 Rb8 25. Qb5 Ke7 26. Nf1 Qxb5 27. Rxb5 Rhd8 28.
Ne3 Ke6 29. f4 g6 30. Kf2 Rd7 31. Rcb1 f6 32. exf6 Kxf6 33. Rxd5 Rxd5 34. Nxd5+ Ke6 35. Ne3 b5 36. Rc1 Kd6 37. d5 Nc5 38. Ke2 b4 39. Rb1 Ne4 40.
Rb3 Rb5 41. Kd3 Nf6 42. Kc4 Rxa5 43. Kxb4 Ra2 44. Kc4 Rf2 45. g3 Re2 46. Kd3 Ra2 47. Rb8 Ra3+ 48. Kd4 Ra4+ 49. Nc4+ Kc7 50. Rf8 Ng4 51. Rf7+ Kd8 52. Rg7 Ne3 53. Kxe3 Rxc4 54. Rxa7 Rc3+ 55. Kf2 Rd3 56. Rg7 Rxd5 57. Rxg6 Ke7 58.
Kg2 Kf7 59. Ra6 Kg7 60. Kh3 Rb5 61. Kh4 Rf5 62. Re6 Ra5 63. Rc6 Rf5 64. Kh3 Ra5 65. Rb6 Rc5 66. Kg2 Rc3 67. Re6 Kf7 68.
Re5 Kg6 69. Rb5 Rc1 70. Kh3 Ra1 71. Rb6+ Kg7 72. Kh4 Rh1+ 73.
Kg5 Rg1 74. Rb7+ Kg8 75. Rb3 Rh1 76. Kg6 Kf8 77. f5 Rf1 78.
f6 Ke8 79. f7+ Ke7 80. Re3+ Ke6 1-0

[Event "NK ABC Kwalificatie 2"]
[Site "Zoetermeer, Netherlands"]
[Date "2025.01.05"]
[Round "5.2"]
[White "Bakija, Alan"]
[Black "Damen, Josephine"]
[Result "1-0"]
[TimeControl "55+10"]
[WhiteFideId "8629346"]
[BlackFideId "8647606"]
[WhiteElo "2247"]
[BlackElo "1891"]

1. d4 Nf6 2. c4 g6 3. Nf3 Bg7 4. g3 d6 5. Nc3 O-O 6. Bg2 Nc6 7. d5 Na5 8. b3 c5 9. Bb2 a6 10.
O-O Rb8 11. Nd2 b5 12. Qc1 Bh6 13. e3 bxc4 14. bxc4 Ng4 15. Nd1 e5 16. dxe6 fxe6 17. Rb1 Rf7 18. h3 Nf6 19. Bxf6 Rxb1 20.
Bxd8 Rxc1 21. Bxa5 Ra1 22. Nc3 Rxf1+ 23. Nxf1 Bb7 24. Ne4 Bf8 25. Bc3 Be7 26. Ned2 Bxg2 27. Kxg2 Bd8 28. Nb3 Bb6 29.
Nfd2 d5 30. Kf1 Kf8 31. Ke2 Ke8 32. f4 Rd7 33. Be5 Kd8 34. g4 Ke7 35. Bb2 Kd8 36. Ba3 Rc7 37. Kd3 a5 38. Nf3 a4 39.
Nbd2 Ba5 40. Ng5 Rc6 41. Nxh7 Bb4 42.
Bb2 Rb6 43. Nf3 a3 44. Be5 Ba5 45. h4 Rb1 46. Nf8 Ke7 47. Nxg6+ Kf7 48. h5 Rd1+ 49. Kc2 Rf1 50. Ng5+ Kg8 51. h6 Rf2+ 52. Kb3 dxc4+ 53. Kxc4 Rc2+ 54. Kb5 1-0

[Event "NK ABC Kwalificatie 2"]
[Site "Zoetermeer, Netherlands"]
[Date "2025.01.05"]
[Round "5.3"]
[White "Kumar, Prajit Sai"]
[Black "Smeenk, Merijn"]
[Result "1-0"]
[TimeControl "55+10"]
[WhiteFideId "8767979"]
[BlackFideId "8707919"]
[WhiteElo "2210"]
[BlackElo "1782"]

1. d4 d5 2. Nf3 Nf6 3. c3 e6 4. Bf4 c5 5. e3 Bd6 6. Nbd2 O-O 7. Bg3 Qc7 8. dxc5 Qxc5 9. Bd3 Nbd7 10.
Qe2 e5 11. e4 dxe4 12. Bxe4 Qc7 13. O-O Nxe4 14. Nxe4 f6 15. Nd4 Qb6 16. Nf5 Bc7 17. Qg4 g6 18. Ne7+ Kf7 19. Nxc8 Qe6 20.
Ned6+ Bxd6 21. Nxd6+ Ke7 22. Qxe6+ Kxe6 23. Nb5 Rfc8 24. Rad1 a6 25. Rd6+ Kd5 1-0

[Event "NK ABC Kwalificatie 2"]
[Site "Zoetermeer, Netherlands"]
[Date "2025.01.05"]
[Round "5.4"]
[White "Rogozyanskiy, Alexander"]
[Black "Ertabak, Aral"]
[Result "0-1"]
[TimeControl "55+10"]
[WhiteFideId "8973866"]
[BlackFideId "9008483"]
[WhiteElo "1873"]
[BlackElo "1842"]

1. e4 c6 2. Nc3 d5 3. Nf3 dxe4 4. Nxe4 Nf6 5. Qe2 Nxe4 6. Qxe4 Nd7 7. Bc4 Nf6 8. Ne5 e6 9. Qe2 b5 10.
Bb3 Qc7 11. O-O Bd6 12. d4 O-O 13. f4 c5 14. c3 a5 15. Be3 a4 16. Bc2 a3 17. b3 Nd5 18. Rf3 f5 19. dxc5 Bxe5 20.
fxe5 Qxe5 21. Qd2 Qxc3 22. Qxc3 Nxc3 23. Bf2 b4 24. Rxc3 bxc3 25. Bd4 Bb7 26. Bxc3 Rfc8 27. Bd4 Bd5 28. Rc1 Rab8 29. Rd1 Rb5 0-1

[Event "NK ABC Kwalificatie 2"]
[Site "Zoetermeer, Netherlands"]
[Date "2025.01.05"]
[Round "5.5"]
[White "Oskam, Dejen"]
[Black "Van de Poel, Jona"]
[Result "0-1"]
[TimeControl "55+10"]
[WhiteFideId "8686733"]
[BlackFideId "8707633"]
[WhiteElo "1832"]
[BlackElo "1857"]

1. d4 Nf6 2. c4 e6 3. Nc3 Bb4 4. Qc2 b6 5. Bg5 h6 6. Bh4 Bb7 7. f3 d5 8. a3 Be7 9. Bf2 c5 10.
e3 O-O 11. Nge2 dxc4 12. dxc5 Bxc5 13. Ng3 Nd5 14. Rd1 Qc7 15. Nxd5 exd5 16. Be2 Nd7 17. h4 Nf6 18. h5 Qe5 19.
Nf5 Bc8 20. Nd4 Re8 21. g4 Bxd4 22. exd4 Qf4 23. Rh3 Bd7 24. Bg3 Qxf3 0-1

[Event "NK ABC Kwalificatie 2"]
[Site "Zoetermeer, Netherlands"]
[Date "2025.01.05"]
[Round "5.6"]
[White "Lopes, Samuel"]
[Black "Zhu, Chenwu"]
[Result "0-1"]
[TimeControl "55+10"]
[WhiteFideId "8763414"]
[BlackFideId "8733846"]
[WhiteElo "1990"]
[BlackElo "2177"]

1. e4 c5 2. Nc3 d6 3. g3 Nc6 4. Bg2 g6 5. d3 Bg7 6. f4 e6 7. Nf3 Nge7 8. O-O O-O 9. Be3 Rb8 10.
Rb1 Nd4 11. Ne2 Nec6 12. c3 Nxf3+ 13. Bxf3 b6 14. Qd2 d5 15. e5 Ba6 16. b4 d4 17. cxd4 Nxd4 18. Bxd4 cxd4 19. b5 Bb7 20. Bxb7 Rxb7 21. Rb4 Rd7 22.
Qb2 Qa8 23. Nxd4 Qd5 24. Qb3 Qxb3 25. axb3 Rc8 26. Nc6 Bf8 27. Rc4 Kg7 28. d4 Rd5 29. Rf3 Rc7 30. Rfc3 Rxb5 31. Ra4 a5 32. Rac4 Rd7 33. Nb8 Rb7 34. Na6 Rd5 35. Nc7 b5 36.
Rc6 Rxd4 37. Ne8+ Kh6 38. Nf6 Bb4 39. Rf3 Be7 40. g4 Bxf6 41. exf6 g5 42. fxg5+ Kxg5 43. h3 a4 44. Rc5+ Kg6 45.
Rc8 a3 46. Rg8+ Kh6 47. h4 a2 48. Rf1 Rbd7 49. Rg5 R7d5 50. Rg7 Rd1 51. g5+ Kh5 52. Rxh7+ Kg4 53. g6 Rxf1+ 0-1

[Event "NK ABC Kwalificatie 2"]
[Site "Zoetermeer, Netherlands"]
[Date "2025.01.05"]
[Round "5.7"]
[White "Teianu, Maxim"]
[Black "Madularea, David"]
[Result "1-0"]
[TimeControl "55+10"]
[WhiteFideId "8926093"]
[BlackFideId "8700494"]
[WhiteElo "2026"]
[BlackElo "2232"]

1. d4 Nf6 2. c4 e6 3. Nf3 Nc6 4.
Nc3 Bb4 5. Bd2 d6 6. Qc2 O-O 7. a3 Bxc3 8. Bxc3 a5 9. e3 Re8 10. Rd1 Qe7 11. Be2 e5 12. d5 Nb8 13. e4 b6 14.
Nd2 a4 15. O-O Nbd7 16. Nb1 Nc5 17. f3 Bd7 18. Bd2 Nh5 19. g3 g6 20. Nc3 Ng7 21. Rf2 f5 22. Rdf1 Rf8 23. Qd1 f4 24.
g4 Qh4 25. Rg2 Kf7 26. Be1 Qh3 27. Kh1 g5 28. Rfg1 Rh8 29. Bf1 Qh6 30. h4 Qg6 31. h5 Nxh5 32. gxh5 Qxh5+ 33. Rh2 Qg6 34.
Bh4 h6 35. Nb5 Rac8 36. Qe1 Qf6 37. Bf2 h5 38. Be2 h4 39. Bxc5 bxc5 40. Qf2 h3 41. Rg4 Bxg4 42. fxg4 Rh4 43. Qf3 Qe7 44. Bd1 Ra8 45. Nc3 Qd7 46.
Nb5 Kg7 47. Kg1 Kf6 48. Kf2 Kg7 49. Ke1 Kg6 50. Kd2 Kg7 51. Kc1 Kg6 52. Kb1 Kg7 53. Ka2 Kg6 54. Nc3 Kg7 55. Nb1 Qc8 56.
Nd2 Qa6 57. Qd3 Rb8 58. Be2 Qb7 59. Qc3 Kf6 60. Bd1 Qa6 61. Bf3 Qb6 62. Bd1 Qa6 63. Bc2 Rxg4 64. Qxh3 Rh4 65. Qf5+ Ke7 66. Qxg5+ Kd7 67. Qf5+ Kd8 68. Rxh4 Qb7 69. Rh8+ Ke7 70. Qe6# 1-0

[Event "NK ABC Kwalificatie 2"]
[Site "Zoetermeer, Netherlands"]
[Date "2025.01.05"]
[Round "5.8"]
[White "Kazarjan, Gachatur"]
[Black "De Wit, Evan"]
[Result "1-0"]
[TimeControl "55+10"]
[WhiteFideId "8595884"]
[BlackFideId "8935949"]
[WhiteElo "2105"]
[BlackElo "1955"]

1. e4 c5 2. Nf3 Nc6 3. d4 cxd4 4. Nxd4 Nf6 5. Nc3 e5 6. Ndb5 d6 7. Nd5 Nxd5 8. exd5 Ne7 9. c4 Ng6 10.
Bd3 Be7 11. O-O a6 12. Nc3 f5 13. f3 O-O 14. Be3 Bg5 15. Bf2 Nf4 16. Bc2 Qe8 17. Ne2 e4 18. Nxf4 Bxf4 19. Bd4 Qh5 20.
g3 Qg5 21. Kh1 Bxg3 22. hxg3 Qxg3 23. Qe2 exf3 24. Qh2 Qxh2+ 25. Kxh2 Bd7 26. Rxf3 Rae8 27. Rg1 g6 28. Be3 f4 29.
Bxf4 Re2+ 30. Rg2 Rxg2+ 31. Kxg2 Bg4 32. Rf2 Rc8 33. Bh6 b5 34. cxb5 axb5 35. Bd3 Rb8 36. Bxb5 Bf5 37. Bc4 1-0

[Event "NK ABC Kwalificatie 2"]
[Site "Zoetermeer, Netherlands"]
[Date "2025.01.05"]
[Round "5.9"]
[White "Garay, Enzo"]
[Black "Wierenga, Luuk"]
[Result "1/2-1/2"]
[TimeControl "55+10"]
[WhiteFideId "8989948"]
[BlackFideId "8936543"]
[WhiteElo "1811"]
[BlackElo "1908"]

1. e4 c6 2. d4 d5 3. Bd3 dxe4 4. Bxe4 Nf6 5. Bf3 Bf5 6. g4 Be4 7. g5 Bxf3 8. Nxf3 Nfd7 9. c4 e6 10.
Bf4 Qa5+ 11. Nc3 Qf5 12. Be3 Nb6 13. c5 Nd5 14. Nxd5 Qxd5 15. Rg1 Nd7 16. Bf4 b6 17. b4 a5 18.
a3 axb4 19. axb4 Rxa1 20. Qxa1 Qe4+ 21. Be3 Qxf3 22. Qa8+ Ke7 23. b5 Qf5 24. bxc6 Qb1+ 25. Kd2 Qb4+ 26. Kd1 Qb1+ 27. Ke2 Qc2+ 28.
Kf3 Qf5+ 29. Kg3 h5 30. h3 Qd5 31. Qb7 bxc5 32. Qxd7+ Qxd7 33. cxd7 Kxd7 34. dxc5 Kc6 35. Ra1 g6 36.
Ra7 Bxc5 37. Bxc5 Kxc5 38. Rxf7 Rg8 39. Kf4 Kd6 40. Rf6 Kd5 41. h4 Kd6 42. Ke4 Rg7 43. f4 Rg8 44. Rf7 Ra8 45.
Rg7 Ra4+ 46. Ke3 Ra3+ 47. Ke2 Ra2+ 48. Kd3 Ra3+ 49. Kd2 Ra2+ 50. Kc3 Rf2 51. Rf7 Rh2 52. Rf6 Rxh4 53. Rxg6 Rxf4 54.
Rh6 h4 55. g6 Rg4 56. Kd3 h3 57. g7 h2 58. Rxh2 Rxg7 59. Rf2 Kd5 60. Rf8 Rg3+ 61. Ke2 Ke4 62. Kf2 Ra3 63. Rb8 Ra2+ 64.
Ke1 e5 65. Re8 Kf4 66. Re7 e4 67. Rf7+ Ke3 68. Kf1 Ra1+ 69. Kg2 Ke2 70. Rf2+ Ke3 71. Rb2 Rd1 72. Rb4 Kd3 73. Rb3+ Ke2 74.
Rb2+ Rd2 75. Rb1 e3 76. Ra1 Rd8 77. Ra2+ Rd2 78. Ra1 Rb2 79. Kg3 Kd3 80. Ra3+ Kd2 81. Ra1 e2 82. Kf2 Rc2 83.
Rb1 Ra2 84. Re1 Kd3 85. Rb1 Ra8 86. Rb3+ Kc2 87. Re3 Kd1 88. Rd3+ Kc2 89. Kxe2 1/2-1/2

[Event "NK ABC Kwalificatie 2"]
[Site "Zoetermeer, Netherlands"]
[Date "2025.01.05"]
[Round "5.10"]
[White "Krylov, Philippe"]
[Black "Winter, Sven"]
[Result "1-0"]
[TimeControl "55+10"]
[WhiteFideId "8776240"]
[BlackFideId "8936015"]
[WhiteElo "2035"]
[BlackElo "1828"]

1. d4 Nf6 2. c4 c5 3. d5 b5 4. cxb5 a6 5. bxa6 d6 6. Nc3 g6 7. Nf3 Bg7 8. e4 Qa5 9. Nd2 Bxa6 10.
Be2 O-O 11. O-O Bxe2 12. Qxe2 Qa6 13. Nb5 Nbd7 14. a4 Rfb8 15. Ra3 Ne8 16. b3 Nc7 17. Qc4 Nxb5 18. axb5 Qb6 19. b4 Rxa3 20.
Bxa3 cxb4 21. Qxb4 Qxb5 22. Qxb5 Rxb5 23. Rb1 Rxb1+ 24. Nxb1 f5 25. f3 Bd4+ 26. Kf1 Nf6 27. Nd2 Bc3 28.
Nb1 Be5 29. Nd2 Bf4 30. Ke2 Bxd2 31. Kxd2 fxe4 32. fxe4 Nxe4+ 33. Kd3 Nf6 34. Kd4 Kf7 35. Bc1 e6 36. dxe6+ Kxe6 37. Bg5 Ng4 38. h3 Ne5 39. Bc1 d5 40. Bb2 Nc6+ 41. Kd3 Kd6 42.
Bg7 Ke6 43. Bb2 Kf5 44. g3 h5 45. Ke3 Ne5 46. Bc3 Nf7 47. Kd4 Ke6 48. Bd2 Nd6 49. Kd3 Ne4 50. Be1 Ke5 51. g4 hxg4 52.
hxg4 Nc5+ 53. Kc3 Ke4 54. Bd2 d4+ 55. Kc4 Nd7 56. g5 Ne5+ 57. Kb3 Nf3 58. Bc1 Kd3 59. Bf4 Ke4 60. Bc1 d3 61.
Ba3 Nxg5 62. Kc3 Nf3 63. Bc5 g5 64. Bb6 g4 65. Bf2 Ne5 66. Kd2 Nc4+ 67. Ke1 Ne3 68. Kd2 Nf5 69. Ba7 g3 70.
Bb6 Nh4 71. Ke1 Kd5 1-0

[Event "NK ABC Kwalificatie 2"]
[Site "Zoetermeer, Netherlands"]
[Date "2025.01.05"]
[Round "5.11"]
[White "Teianu, Sabin"]
[Black "Van Haaften, Jelle"]
[Result "1-0"]
[TimeControl "55+10"]
[WhiteFideId "8926082"]
[BlackFideId "8687283"]
[WhiteElo "2073"]
[BlackElo "1897"]

1. d4 Nf6 2. c4 e6 3. Nc3 Bb4 4. Bd2 O-O 5. Nf3 b6 6. e3 Bb7 7. Bd3 d6 8. O-O Nbd7 9. a3 Bxc3 10.
Bxc3 Ne4 11. Be1 f5 12. Nd2 e5 13. Bxe4 fxe4 14. d5 Qh4 15. g3 Qh3 16. Nxe4 Rf5 17. f4 Raf8 18. Nf2 Qh6 19.
e4 R5f7 20. Ng4 Qh3 21. f5 Nf6 22. Nf2 Qh5 23. Qxh5 Nxh5 24. Bd2 Ba6 25. b3 g6 26. Ng4 Rd7 27. fxg6 hxg6 28. Nh6+ Kg7 29.
Rxf8 Kxf8 30. Rf1+ Kg7 31. a4 Nf6 32. Re1 Rd8 33. Bg5 Bc8 34. Bxf6+ Kxf6 35. Rf1+ Kg7 36. Nf7 Rf8 37. Ng5 Rxf1+ 38. Kxf1 Bg4 39. Ke1 Kf6 40. Nh7+ Kg7 41. Ng5 Kf6 42. h4 a5 43. Kd2 Ke7 44.
Ne6 Bxe6 45. dxe6 Kxe6 46. g4 c6 47. Ke3 d5 48. exd5+ cxd5 49. cxd5+ Kxd5 50. h5 gxh5 51. gxh5 Kc5 52. h6 Kb4 53. h7 Kxb3 54. h8=Q Kxa4 55. Qxe5 b5 56. Kd3 b4 57. Kc2 b3+ 58.
Kb2 Kb4 59. Qc3+ 1-0

[Event "NK ABC Kwalificatie 2"]
[Site "Zoetermeer, Netherlands"]
[Date "2025.01.05"]
[Round "5.12"]
[White "Thijssen, Freek"]
[Black "Pathak, Raghav"]
[Result "1/2-1/2"]
[TimeControl "55+10"]
[WhiteFideId "8806479"]
[BlackFideId "8923849"]
[WhiteElo "1889"]
[BlackElo "1926"]

1. e4 c6 2. d4 d5 3. f3 e6 4.
Nc3 Bb4 5. Bf4 Nf6 6. e5 Nfd7 7. Qd2 Be7 8. Nge2 f6 9. exf6 Bxf6 10. g4 Bh4+ 11. Bg3 O-O 12. Nf4 Nb6 13. O-O-O a5 14.
Kb1 a4 15. Qf2 Bg5 16. Nd3 Nc4 17. h4 Be3 18. Qh2 Na6 19. Ne5 Nxe5 20. Bxe5 c5 21. Bxa6 Rxa6 22. dxc5 Bxc5 23. Ne4 Be7 24.
f4 Bd7 25. Ng3 Bf6 26. Bxf6 Qxf6 27. Nh5 Qe7 28. f5 exf5 29. Rhe1 Qc5 30. Qe5 Rg6 31. Rxd5 Qc8 32. g5 Re8 33.
Qg3 Rxe1+ 34. Qxe1 Re6 35. Qd2 Qc4 36. b3 axb3 37. axb3 Qf1+ 38.
Kb2 Be8 39. Rd8 Qb5 40. Qd4 Re7 1/2-1/2